 Dungeon Crawl Stone Soup version 0.19-a0-854-gc78d25d (webtiles) character file.

403 LORDOFBUTT the Cudgeler (level 6, -2/71 HPs)
             Began as an Ogre Berserker on July 1, 2016.
             Was a Priest of Trog.
             Killed from afar by an orc wizard (8 damage)
             ... with a magic dart
             ... on level 4 of the Dungeon.
             The game lasted 00:03:09 (2510 turns).

LORDOFBUTT the Cudgeler (Ogre Berserker)            Turns: 2510, Time: 00:03:09

Health: -2/71      AC:  4    Str: 23    XL:     6   Next: 86%
Magic:  6/6        EV: 10    Int:  6    God:    Trog [***...]
Gold:   155        SH:  0    Dex: 11    Spells: 0 memorised, 5 levels left

rFire  + . .     SeeInvis .     a - +0 mace
rCold  . . .     Gourm    .     b - +0 animal skin
rNeg   . . .     Faith    .     (no shield)
rPois  .         Spirit   .     (helmet restricted)
rElec  .         Dismiss  .     n - +0 cloak
rCorr  +         Reflect  .     (gloves unavailable)
SustAt .         Harm     .     (boots unavailable)
MR     .....                    (no amulet)
Stlth  +.........               r - ring of resist corrosion
                                i - ring of protection from fire

@: exhausted, slowed, very slow, not resistant to hostile enchantments, very
unstealthy
A: unfitting armour, tough skin 1
a: Berserk, Trog's Hand, Burn Spellbooks, Renounce Religion


You were on level 4 of the Dungeon.
You worshipped Trog.
Trog was most pleased with you.
You were not hungry.

You visited 1 branch of the dungeon, and saw 4 of its levels.

You collected 155 gold pieces.

Inventory:

Hand Weapons
 a - a +0 mace (weapon)
Armour
 b - a +0 animal skin (worn)
 n - a +0 cloak (worn)
Jewellery
 i - a ring of protection from fire (left hand)
 m - an uncursed ring of protection from fire
 r - a ring of resist corrosion (right hand)
Scrolls
 e - a scroll of noise {unknown}
 k - 5 scrolls of remove curse
 l - 3 scrolls of recharging {unknown}
 o - a scroll of identify
 p - a scroll of fear {unknown}
 q - a scroll of blinking {unknown}
 s - a scroll of immolation {unknown}
Potions
 f - a potion of brilliance {unknown}
 g - a potion of degeneration {unknown}
 h - 2 potions of curing {unknown}
 j - a potion of agility {unknown}
 t - a potion of resistance {unknown}
 v - a potion of flight {unknown}
Comestibles
 c - 2 bread rations
 d - a meat ration


   Skills:
 + Level 7.2 Fighting
 + Level 7.7 Maces & Flails
 - Level 2.8 Dodging


You had 5 spell levels left.
You didn't know any spells.

Dungeon Overview and Level Annotations

Branches:
Dungeon (4/15)
 Temple: D:4-7

Altars:
Nemelex Xobeh
Pakellas


Innate Abilities, Weirdness & Mutations

You are too large for most types of armour.
You have tough skin. (AC +1)


Message History

The magic dart hits you!
* * * LOW HITPOINT WARNING * * *
There is an escape hatch in the floor here.
There is an open door here.
You see here a scorpion corpse.
Okay, then.
An orc comes into view. It is wielding a mace.
The orc wizard barely misses you.
An orc and an orc priest come into view.
You closely miss the orc wizard.
The orc priest shouts!
The orc wizard hits you but does no damage.
The orc wizard barely misses you.
An orc comes into view. It is wielding a falchion of draining.
As you read the scroll labeled QULOAZ RASMEP, it crumbles to dust.
It is a scroll of identify.
k - 5 scrolls of remove curse The orc wizard gestures at you while chanting.
The magic dart hits you!
You die...

###+######
...?.....#
.o........#
...o......#
..........#
...o......#
....o...†.#
.......o@####
........>†..#
........)##.#
###########.#
#.# #.# #.#
#.# #.#


You could see an orc priest, an orc wizard and 3 orcs.

Vanquished Creatures
  A sky beast (D:4)
  A scorpion (D:4)
  A howler monkey (D:4)
  The ghost of mirrormirror the Sneak, a weakling SpAs (D:3)
  An orc priest (D:3)
  2 orc wizards (D:3)
  A worker ant (D:4)
  3 adders
  2 worms (D:2)
  2 giant geckos
  2 orcs
  5 bats
  4 giant cockroaches
  4 goblins
  2 hobgoblins
  2 jackals (D:2)
  9 kobolds
  3 quokkas
  2 ball pythons
  A giant newt (D:2)
  10 rats
59 creatures vanquished.

Notes
Turn   | Place    | Note
-------+----------+-------------------------------------------
     0 | D:1      | LORDOFBUTT the Ogre Berserker began the quest for the Orb.
     0 | D:1      | Reached XP level 1. HP: 24/24 MP: 1/1
   181 | D:1      | Found a sparkling altar of Nemelex Xobeh.
   186 | D:1      | Reached XP level 2. HP: 18/32 MP: 2/2
   847 | D:2      | Reached ** piety under Trog
   873 | D:2      | Reached XP level 3. HP: 24/40 MP: 3/3
  1155 | D:2      | Found an oddly glowing altar of Pakellas.
  1207 | D:2      | Reached skill level 5 in Maces & Flails
  1441 | D:2      | Reached skill level 5 in Fighting
  1441 | D:2      | Reached XP level 4. HP: 47/50 MP: 4/4
  1769 | D:3      | Noticed mirrormirror's ghost (weakling SpAs)
  1780 | D:3      | Killed mirrormirror's ghost
  1852 | D:3      | Reached XP level 5. HP: 59/59 MP: 5/5
  2442 | D:4      | Reached XP level 6. HP: 67/68 MP: 6/6
  2473 | D:4      | Noticed a sky beast
  2499 | D:4      | Killed a sky beast
  2499 | D:4      | Reached *** piety under Trog
  2510 | D:4      | Killed from afar by an orc wizard

Vault maps used:
D:1:      dpeg_arrival_stonehenge_12_columns, kennysheep_crisscross,
          nemelex_xobeh_ov_fountains_minmay
D:2:      hangedman_decor_growths, grunt_pakellas_basics
D:4:      minmay_goblin_kobold_house

Skill      XL: |  1  2  3  4  5  6 |
---------------+-------------------+-----
Maces & Flails | 5 6 7 |  7.7
Fighting       | 5 6 7 |  7.2
Dodging        | |  2.8

Action                   |  1- 3 |  4- 6 || total
-------------------------+-------+-------++-------
Melee: Mace              |   118 |    98 ||   216
Invok: Berserk           |       |     2 ||     2
  Use: Scroll            |       |     1 ||     1
  Eat: Fruit             |     3 |       ||     3
       Chunk             |       |     3 ||     3
       Bread ration      |       |     1 ||     1
Armor: Animal skin       |    40 |    20 ||    60
Dodge: Dodged            |    73 |    68 ||   141
